Map: Jagannatha LE

Players

LiquidClem (Clem) - Winner!

  • Race: Terran Terran
  • League: Bronze

Dark

  • Race: Zerg Zerg

Event: TSL 7

VOD

Have the link to the VOD?

Description

Time

  • Played on: June 20, 2021, 1:04 p.m.
  • Length: 12:05

All games in this series

Show
View Real Time Build Order
Export as new Build Order

LiquidClem Terran - Winner!

Build Orders: Hellion Opening, Reaper Expand 

Get SALT Encoding   

  12  0:01  SCV  
  13  0:13  SCV  
  14  0:17  Supply Depot  
  14  0:26  SCV  
  15  0:38  SCV  
  15  0:39  Barracks  
  16  0:44  Refinery  
  16  0:50  SCV  
  17  1:02  SCV  
  18  1:15  SCV  
  19  1:26  Reaper  
  19  1:27  Orbital Command  
  20  1:41  Command Center  
  20  1:49  Supply Depot  
  20  1:52  SCV  
  21  1:58  Marine  
  22  2:04  SCV  
  23  2:12  Factory  
  23  2:16  SCV  
  23  2:17  Refinery  
  23  2:21  Barracks Reactor  
  24  2:29  SCV  
  25  2:41  SCV  
  26  2:52  Orbital Command  
  26  2:53  SCV  
  27  3:00  Starport  
  27  3:03  Hellion x2  
  27  3:05  SCV  
  32  3:08  Barracks Tech Lab  
  32  3:17  SCV  
  32  3:18  SCV  
  34  3:25  Hellion x2  
  34  3:26  Marauder  
  40  3:29  SCV  
  40  3:30  SCV  
  42  3:35  Supply Depot  
  42  3:37  Viking  
  44  3:41  SCV  
  44  3:44  SCV  
  46  3:51  Concussive Shells  
  46  3:57  Hellion x2, Marauder  
  46  3:58  SCV  
  46  4:00  Supply Depot  
  46  4:01  SCV  
  54  4:22  SCV x2, Marauder, Medivac  
  54  4:23  Supply Depot  
  60  4:29  Hellion  
  60  4:30  Supply Depot  
  60  4:31  Armory  
  62  4:44  Stimpack  
  62  4:45  SCV x2, Hellion  
  66  4:48  Command Center  
  66  4:51  Marine  
  67  4:55  Liberator  
  67  4:57  SCV  
  67  4:59  SCV  
  72  5:01  Supply Depot  
  72  5:06  Hellion  
  74  5:09  SCV, Hellion  
  74  5:11  SCV  
  78  5:23  SCV x2, Marine  
  81  5:29  Barracks  
  81  5:30  Hellion x2  
  81  5:31  Barracks  
  85  5:39  Engineering Bay  
  85  5:40  Engineering Bay  
  85  5:41  Marine  
  85  5:42  SCV  
  81  5:50  SCV  
  81  5:51  Refinery  
  81  5:52  Refinery  
  81  5:53  Starport Reactor  
  81  5:54  SCV  
  81  5:57  Hellion  
  81  5:58  Hellion  
  81  5:59  Marine  
  81  6:06  SCV  
  81  6:09  Orbital Command  
  81  6:12  Terran Infantry Armor Level 1, Terran Infantry Weapons Level 1  
  81  6:17  Marine  
  81  6:18  Barracks Reactor  
  78  6:19  Barracks Reactor  
  78  6:23  SCV  
  78  6:25  SCV  
  76  6:31  Orbital Command  
  76  6:32  Hellion x2  
  67  6:35  Marine  
  67  6:37  SCV  
  69  6:40  Medivac x2  
  69  6:41  SCV, Barracks  
  69  6:42  Barracks  
  74  6:49  SCV  
  74  6:51  Combat Shield, Supply Depot  
  74  6:53  Marine  
  76  6:55  Widow Mine x2  
  76  6:56  Marine x4  
  76  6:58  SCV  
  76  6:59  SCV  
  86  7:08  SCV  
  87  7:10  Marine  
  87  7:13  Supply Depot x2  
  87  7:14  Marine  
  87  7:15  SCV x2  
  91  7:19  Widow Mine x2  
  91  7:20  SCV, Marine  
  97  7:23  Medivac x2  
  97  7:25  Marine  
  97  7:26  Marine  
  97  7:28  Marine  
  97  7:29  Barracks Reactor  
  104  7:30  Barracks Reactor, SCV  
  104  7:31  SCV  
  104  7:34  Marine  
  107  7:38  Marine  
  107  7:41  Refinery, Factory  
  107  7:43  Marine  
  109  7:45  Widow Mine  
  109  7:50  Marine  
  102  7:52  SCV x2, Marine  
  102  7:54  SCV  
  102  7:56  Widow Mine  
  102  7:57  Command Center  
  106  7:58  Marine  
  106  7:59  Marine  
  106  8:01  Marine  
  106  8:04  SCV  
  111  8:05  SCV  
  111  8:08  Marine  
  111  8:10  Marine x3  
  111  8:12  Supply Depot  
  115  8:13  SCV  
  115  8:14  Widow Mine, Medivac  
  115  8:16  Marine  
  115  8:17  Terran Infantry Weapons Level 2  
  115  8:18  Supply Depot  
  119  8:21  Terran Infantry Armor Level 2, Supply Depot  
  119  8:22  Marine  
  119  8:24  Marine  
  119  8:25  SCV x2  
  119  8:26  Marine  
  124  8:28  Marine  
  124  8:32  Factory Tech Lab  
  125  8:38  Widow Mine x2  
  129  8:45  Marine  
  129  8:47  Marine  
  129  8:49  Marauder, Marine x2  
  129  8:53  Marine, Siege Tank  
  137  8:57  Marine  
  137  9:00  Marine x2  
  137  9:02  Widow Mine  
  141  9:03  Marine  
  141  9:05  Marine  
  141  9:06  Barracks x2  
  141  9:07  Widow Mine, Barracks, Marine  
  144  9:10  SCV x2  
  144  9:11  Marine x2  
  144  9:12  Marauder  
  144  9:15  SCV  
  144  9:16  Marine  
  150  9:18  Marine  
  150  9:20  Medivac x2  
  155  9:27  Marine x2  
  155  9:28  Siege Tank  
  155  9:30  Sensor Tower  
  160  9:33  Marauder  
  160  9:36  Marine x2  
  160  9:37  Marine x3  
  157  9:41  Widow Mine x2  
  157  9:42  Planetary Fortress  
  157  9:44  SCV  
  162  9:50  Marine  
  162  9:51  SCV  
  148  9:54  Marine  
  148  9:55  SCV  
  148  9:58  Marine x3  
  148  9:59  Barracks Tech Lab x2, Marine  
  146  10:00  Marine  
  146  10:01  Widow Mine  
  146  10:03  Medivac x2  
  146  10:04  Widow Mine x2  
  158  10:10  Marine  
  159  10:15  Marine, Command Center  
  158  10:21  Marauder  
  158  10:23  Marauder x2, Marine  
  158  10:26  Marine  
  164  10:33  Supply Depot  
  164  10:34  Marine x6  
  170  10:36  Siege Tank  
  170  10:39  Marine  
  172  10:45  Supply Depot  
  172  10:47  Marine  
  172  10:55  SCV, Marauder x2, Marine x3  
  180  11:06  Refinery  
  180  11:07  Widow Mine x2, Marine x2, Supply Depot  
  180  11:08  Siege Tank  
  180  11:11  Marine x2  
  188  11:13  Marauder, Ghost Academy  
  188  11:15  Marine  
  188  11:17  Marauder x2  
  196  11:19  Medivac  
  196  11:20  Medivac  
  184  11:26  SCV x2  
  184  11:27  SCV  
  184  11:29  SCV  
  184  11:30  SCV  
  183  11:34  Marauder  
  183  11:39  Marauder  
  169  11:41  Marine  
  169  11:43  Widow Mine x2  
  169  11:44  Marine x4  
  169  11:45  Marine  
  169  11:46  Marine x4  
Show
View Real Time Build Order
Export as new Build Order

Dark Zerg 

Build Orders: Hatch First 

Get SALT Encoding   

  12  0:00  Drone  
  13  0:12  Overlord  
  13  0:17  Drone  
  14  0:30  Drone x2  
  16  0:49  Hatchery  
  15  0:52  Drone  
  15  0:54  Drone  
  17  0:58  Drone  
  18  1:08  Extractor  
  17  1:13  Spawning Pool  
  17  1:17  Drone  
  17  1:19  Drone  
  18  1:28  Drone  
  19  1:38  Drone  
  20  1:52  Drone  
  21  2:00  Queen x2  
  25  2:02  Zergling x4  
  27  2:11  Zergling x2  
  27  2:13  Overlord  
  28  2:26  Hatchery  
  28  2:28  Drone  
  28  2:33  Drone x2  
  28  2:36  Drone  
  30  2:45  Drone x2  
  30  2:49  Queen  
  34  2:53  Overlord  
  34  2:57  Drone  
  35  3:02  Metabolic Boost  
  35  3:05  Overlord  
  35  3:13  Drone x2  
  35  3:14  Drone  
  35  3:16  Drone x2  
  40  3:24  Queen  
  42  3:29  Drone x2  
  44  3:42  Overlord  
  44  3:44  Drone x3  
  44  3:47  Queen  
  50  3:48  Drone  
  50  3:52  Drone  
  50  3:53  Drone x2  
  53  4:00  Queen  
  53  4:01  Spore Crawler  
  53  4:02  Zergling x6  
  57  4:04  Drone x3  
  60  4:12  Zergling x4  
  60  4:13  Drone  
  63  4:19  Drone, Lair  
  63  4:20  Drone  
  63  4:22  Overlord  
  65  4:29  Overlord  
  65  4:31  Overlord  
  65  4:34  Extractor  
  65  4:38  Overlord, Baneling Nest  
  63  4:40  Drone, Queen  
  63  4:41  Overlord  
  66  4:47  Drone x6  
  66  4:50  Drone  
  66  4:51  Drone x2  
  75  4:53  Drone  
  75  4:54  Drone  
  75  4:57  Drone x3  
  80  5:00  Drone  
  80  5:04  Drone  
  82  5:07  Zergling x4  
  84  5:20  Zergling x8  
  88  5:24  Baneling x8  
  88  5:27  Zergling x8  
  90  5:28  Queen x2  
  90  5:33  Zergling x8  
  90  5:34  Baneling x2  
  97  5:38  Zergling x2  
  90  5:45  Zergling x4  
  90  5:46  Overseer  
  90  5:47  Queen  
  90  5:48  Overseer  
  84  5:50  Zergling x2  
  84  5:52  Zergling x2  
  84  5:53  Baneling  
  86  6:02  Zergling x4  
  86  6:04  Queen x2  
  78  6:05  Spore Crawler  
  78  6:06  Zergling x4  
  78  6:09  Zergling x2  
  79  6:12  Zergling x2  
  79  6:13  Zergling x2  
  73  6:19  Zergling x2  
  73  6:21  Zergling x4  
  73  6:23  Queen  
  73  6:24  Drone  
  75  6:30  Drone x2  
  75  6:35  Drone  
  75  6:39  Hatchery, Queen  
  75  6:40  Drone x6  
  75  6:41  Baneling Nest  
  75  6:42  Drone, Extractor, Evolution Chamber  
  75  6:43  Extractor, Drone  
  75  6:44  Evolution Chamber  
  75  6:46  Hatchery  
  79  6:50  Drone  
  79  6:52  Drone  
  81  6:54  Drone  
  81  6:59  Drone x2  
  83  7:02  Drone x2  
  83  7:06  Drone x2  
  85  7:12  Zerg Melee Weapons Level 1, Zerg Ground Armor Level 1  
  85  7:15  Zergling x2  
  85  7:18  Zergling x14  
  92  7:26  Extractor, Baneling x4  
  92  7:27  Baneling x2  
  92  7:28  Zergling x8  
  95  7:31  Hydralisk Den  
  94  7:38  Baneling  
  94  7:39  Baneling x6, Zergling x8  
  91  7:52  Zergling x8  
  91  7:53  Zergling x6  
  96  7:59  Centrifical Hooks  
  96  8:02  Hydralisk x2  
  96  8:04  Overlord x2  
  96  8:05  Zergling x8  
  104  8:09  Hydralisk x2  
  104  8:12  Zergling x2  
  109  8:16  Overlord x4  
  109  8:22  Baneling x2  
  109  8:23  Hydralisk x3  
  109  8:25  Zergling x2  
  109  8:26  Zergling x6  
  119  8:30  Baneling  
  119  8:34  Hydralisk x2  
  118  8:37  Zergling x6  
  123  8:46  Spore Crawler  
  122  8:51  Drone x12  
  122  8:52  Drone x2  
  135  9:06  Hydralisk  
  135  9:07  Hydralisk x4  
  135  9:08  Zergling x2  
  146  9:13  Zergling x10  
  151  9:20  Zerg Melee Weapons Level 2  
  151  9:27  Zergling x12  
  151  9:30  Zerg Ground Armor Level 2  
  157  9:38  Zergling x6  
  157  9:39  Overlord  
  150  9:53  Zergling x6  
  150  9:54  Zergling x12  
  150  9:58  Zergling x16  
  161  10:03  Pneumatized Carapace  
  161  10:07  Zergling x8, Infestation Pit  
  161  10:11  Baneling x4  
  161  10:12  Zergling x4  
  165  10:23  Muscular Augments  
  165  10:24  Hatchery, Zergling x4  
  166  10:29  Overlord x2  
  166  10:30  Overlord x3  
  166  10:33  Baneling  
  166  10:37  Baneling x11  
  166  10:42  Baneling x4  
  153  10:52  Zergling x2  
  153  10:53  Zergling x24  
  162  10:59  Zergling x4  
  163  11:05  Overseer  
  163  11:06  Baneling  
  163  11:07  Baneling x7  
  163  11:10  Zergling x10  
  159  11:24  Zergling x10  
  131  11:37  Zergling x22  
  131  11:38  Zergling x2  
  131  11:43  Zergling x2  
  131  11:44  Zergling x6  
  120  11:47  Zergling x4  
Tags
 
Add a new tag
Caveats
  • Supply blocks, unpowered buildings, or Contaminate may cause inaccurate times.
  • Supply counts are checked every 10 seconds.